 Dungeon Crawl Stone Soup version 0.31-a0-187-gba352fbbf7 (webtiles) character file.

Game seed: 5260074617632699255

253 qw the Skirmisher (level 5, -1/31 HPs)
             Began as a Deep Elf Hunter on June 22, 2023.
             Slain by a black bear (7 damage)
             ... on level 4 of the Dungeon.
             The game lasted 00:00:55 (2802 turns).

qw the Skirmisher (Deep Elf Hunter)                 Turns: 2802, Time: 00:00:56

Health: -1/31      AC:  5    Str: 10    XL:     5   Next: 90%
Magic:  7/7        EV: 11    Int: 14    God:
Gold:   135        SH:  0    Dex: 18    Spells: 4/4 levels left

rFire   . . .        Y - +1 shortbow
rCold   . . .        (shield currently unavailable)
rNeg    . . .        e - +0 ring mail
rPois   .            (no helmet)
rElec   .            (no cloak)
rCorr   .            (no gloves)
SInv    .            (no boots)
Will    .....        (no amulet)
Stlth   +            (no ring)
HPRegen 0.25/turn    (no ring)
MPRegen 0.10/turn

%: no passive effects
@: about to teleport
A: no striking features
a: no special abilities


You were on level 4 of the Dungeon.
You visited 1 branch of the dungeon, and saw 4 of its levels.

You collected 135 gold pieces.


   Skills:
 - Level 2.4 Fighting
 + Level 9.0 Ranged Weapons
 - Level 2.4 Dodging
 - Level 1.2 Stealth


You had 4 spell levels left.
You didn't know any spells.
Your spell library was empty.

Inventory:

Hand Weapons
 Y - a +1 shortbow (weapon)
Armour
 e - a +0 ring mail (worn)
Scrolls
 c - 3 scrolls of identify
Potions
 a - a potion of heal wounds {unknown}
 b - 2 potions of berserk rage {unknown}
 f - 2 potions of curing {unknown}
 g - a potion of magic {unknown}

Dungeon Overview and Level Annotations

Branches:
Dungeon (4/15)
 Temple: D:4-7

Altars:
Sif Muna


Message History

The black bear growls angrily.
The black bear is moderately wounded.
Enter note:
Enter note:
Enter note:
Enter note: You shoot an arrow.
The arrow hits the black bear.
The black bear is heavily wounded.
The black bear completely misses you. The black bear claws you.
The black bear barely misses you.
You shoot an arrow. The arrow barely misses the black bear.
The black bear bites you but does no damage.
The black bear closely misses you. The black bear claws you.
You shoot an arrow.
The arrow closely misses the black bear.
The black bear bites you.
The black bear claws you but does no damage.
The black bear barely misses you.
You shoot an arrow.
The arrow closely misses the black bear.
The black bear misses you. The black bear closely misses you.
The black bear claws you.
You shoot an arrow. The arrow hits the black bear!
The black bear is almost dead.
The black bear goes berserk!
You shoot an arrow.
The arrow closely misses the black bear.
The black bear bites you.
The black bear claws you but does no damage. x2
You shoot an arrow. The arrow barely misses the black bear.
The black bear barely misses you. The black bear claws you.
The black bear claws you but does no damage.
The black bear bites you.
The black bear claws you but does no damage.
The black bear barely misses you.
2802 ||| READING scroll of teleportation.
As you read the scroll of teleportation, it crumbles to dust.
You feel strangely unstable. The black bear bites you!
You die...

...#
#...##....###############.##
##+# #.##
##.....................
##.##..#
#...####..............
......# #...# .........##
##..### ##.......#
.........# ##..##
#.....#####.......(..#
#...%######.#.####
...)........#
#.##........#....#..#
........#
#.####..#####...@h.#
#########
#.#.......###.##.###
#.#...........##.<#
#.#.........#####.#
#.......#.#####.#
#................
.##.......#.#####.##
..........#.# ..
.##.......#.###


You could see a black bear (berserk).

Vanquished Creatures
  An ogre (D:4)
  A scorpion (D:4)
  4 adders
  A worm (D:2)
  2 dart slugs
  An orc (D:3)
  10 endoplasms
  A giant cockroach (D:1)
  7 goblins
  4 hobgoblins
  2 jackals (D:2)
  5 kobolds
  3 quokkas
  12 ball pythons
  8 bats
  3 frilled lizards
  6 rats (D:1)
71 creatures vanquished.

Notes
Turn   | Place    | Note
-------+----------+-------------------------------------------
     0 | D:1      | qw the Deep Elf Hunter began the quest for the Orb.
     0 | D:1      | Reached XP level 1. HP: 12/12 MP: 3/3
     0 | D:1      | 0 ||| qw: Version: 0.3-a-9-g12657ce
     0 | D:1      | 0 ||| qw: Game counter: 2653
     0 | D:1      | 0 ||| qw: Always use a shield: true
     0 | D:1      | 0 ||| qw: God list: Okawaru
     0 | D:1      | 0 ||| qw: Allow faded altars: false
     0 | D:1      | 0 ||| qw: Do Orc after D:15 true
     0 | D:1      | 0 ||| qw: Do second Lair branch before Depths: true
     0 | D:1      | 0 ||| qw: Lair rune preference: random
     0 | D:1      | 0 ||| qw: Plans: Normal
     0 | D:1      | 0 ||| PLANNING D:1-11
   178 | D:1      | Reached XP level 2. HP: 16/16 MP: 4/4
   180 | D:1      | Reached skill level 6 in Ranged Weapons
   560 | D:1      | 560 ||| FLEEEEING.
   561 | D:1      | 561 ||| FLEEEEING.
   562 | D:1      | 562 ||| FLEEEEING.
   572 | D:1      | Reached XP level 3. HP: 17/20 MP: 5/5
   813 | D:1      | 813 ||| UPGRADING to +0 ring mail.
   823 | D:1      | 823 ||| DROPPING +0 leather armour.
   824 | D:1      | 824 ||| READING scroll labelled WEOH KUTZOV.
   825 | D:1      | 825 ||| DROPPING scroll of butterflies.
  1308 | D:2      | Reached skill level 7 in Ranged Weapons
  1744 | D:2      | 1744 ||| DROPPING +6 ring of intelligence.
  1745 | D:2      | 1745 ||| READING scroll labelled KAIRHI SARAO.
  1746 | D:2      | 1746 ||| READING scroll labelled HEPRESH SAMA.
  1747 | D:2      | 1747 ||| READING scroll labelled QETAOQUGRO.
  1844 | D:3      | Reached XP level 4. HP: 25/25 MP: 6/6
  2293 | D:3      | 2293 ||| READING scroll labelled YXEM YKUTA.
  2294 | D:3      | 2294 ||| READING scroll labelled VOVO FYTZO.
  2297 | D:3      | 2297 ||| READING scroll labelled BYW TAFUYSAN.
  2298 | D:3      | 2298 ||| READING scroll labelled SEDANG TENLO.
  2299 | D:3      | 2299 ||| DRINKING 3 orange potions.
  2300 | D:3      | 2300 ||| DROPPING 2 potions of attraction.
  2438 | D:4      | Reached skill level 8 in Ranged Weapons
  2506 | D:4      | Noticed an ogre
  2511 | D:4      | HP: 2/25 [ogre/+0 giant club (23)]
  2516 | D:4      | Killed an ogre
  2517 | D:4      | Reached skill level 9 in Ranged Weapons
  2517 | D:4      | Reached XP level 5. HP: 5/29 MP: 7/7
  2730 | D:4      | Found a shimmering blue altar of Sif Muna.
  2792 | D:4      | Noticed a black bear
  2801 | D:4      | HP: 6/31 [black bear (6)]
  2802 | D:4      | 2802 ||| READING scroll of teleportation.
  2802 | D:4      | Slain by a black bear

Levels and vault maps discovered:
D:1:      onia_arrival_mini_spirals, layout_basic, roderic_roman_lattice,
          nicolae_eternal_life, minmay_misc_feat_iff
D:2:      layout_loops_corners
D:3:      layout_loops_ring
D:4:      layout_rooms, mainiacjoe_overflow_six_doors_small,
          dreamdust_wishing_well, minmay_crystal_water, minmay_snake_closets

Skill      XL: |  1  2  3  4  5 |
---------------+----------------+-----
Ranged Weapons | 6 7 9 |  9.0
Fighting       | 2 |  2.4
Dodging        | |  2.4
Stealth        | |  1.2

Action                     |  1- 3 |  4- 6 || total
---------------------------+-------+-------++-------
   Fire: Shortbow          |   133 |    66 ||   199
    Use: Scroll            |     4 |     5 ||     9
         Potion            |       |     1 ||     1
 Armour: Leather armour    |     5 |       ||     5
         Ring mail         |     4 |    15 ||    19
  Dodge: Dodged            |    28 |    32 ||    60

Table legend:
 A = Non-vault XP
 B = Vault XP
 C = Vault XP percentage of total XP
 D = Non-vault monster count
 E = Vault monster count
 F = Vault count percentage of total count
                 A         B        C        D         E       F
            +---------+---------+-------+---------+---------+-------
      Total |     327 |      35 |   9.7 |      62 |       9 |  12.7
            +---------+---------+-------+---------+---------+-------
        D:1 |      47 |       0 |   0.0 |      30 |       0 |   0.0
        D:2 |      32 |       0 |   0.0 |      16 |       0 |   0.0
        D:3 |      46 |       0 |   0.0 |      12 |       0 |   0.0
        D:4 |     202 |      35 |  14.8 |       4 |       9 |  69.2
            +---------+---------+-------+---------+---------+-------
